 Dungeon Crawl Stone Soup version 0.26-a0-1026-g544776af23 (webtiles) character file.

Game seed: 8033919865964160120

122 lunkers the Cutter (level 5, -4/28 HPs)
             Began as a Vine Stalker Gladiator on Dec 9, 2020.
             Slain by an orc warrior
             ... wielding a +2 long sword of holy wrath
              (12 damage)
             ... on level 2 of the Dungeon.
             The game lasted 00:03:57 (1880 turns).

lunkers the Cutter (Vine Stalker Gladiator)         Turns: 1880, Time: 00:03:58

Health: -4/28      AC:  7    Str: 17    XL:     5   Next: 6%
Magic:  0/6        EV: 12    Int:  8    God:
Gold:   77         SH:  0    Dex: 16    Spells: 4/4 levels left

rFire    . . .     SeeInvis .   o - +0 dagger (venom)
rCold    . . .     Faith    .   (no shield)
rNeg     . . .     Spirit   +   b - +0 leather armour
rPois    .         Reflect  .   c - +0 helmet
rElec    .         Harm     .   (no cloak)
rCorr    .         Rampage  .   i - +0 pair of gloves
Will     .....                  e - +1 pair of boots
Stlth    +.........             (no amulet)
HPRegen  0.49/turn              (no ring)
MPRegen  0.10/turn              (no ring)

@: lethally poisoned (-4 -> -4)
A: fangs 2, regeneration 1, magic shield, antimagic bite, no potion heal 3, rot
immunity
a: no special abilities


You were on level 2 of the Dungeon.
You visited 1 branch of the dungeon, and saw 3 of its levels.

You collected 77 gold pieces.

Inventory:

Hand Weapons
 a - a +0 rapier
 o - a +0 dagger of venom (weapon)
Missiles
 d - a throwing net
Armour
 b - a +0 leather armour (worn)
 c - a +0 helmet (worn)
 e - a +1 pair of boots (worn)
 i - a +0 pair of gloves (worn)
Scrolls
 f - 2 scrolls of remove curse {unknown}
 j - a scroll of fear {unknown}
 k - a scroll of fog {unknown}
 l - 2 scrolls of identify {unknown}
 m - a scroll of random uselessness {unknown}
Potions
 g - a potion of berserk rage {unknown}
 h - 2 potions of invisibility {unknown}
 n - a potion of curing {unknown}


   Skills:
 + Level 3.0 Fighting
 * Level 4.4 Short Blades
 - Level 1.7 Throwing
 - Level 2.4 Dodging


You had 4 spell levels left.
You didn't know any spells.
Your spell library was empty.

Dungeon Overview and Level Annotations

Branches:
Dungeon (3/15)

Altars:
Nemelex Xobeh
Zin


Innate Abilities, Weirdness & Mutations

You have extremely sharp teeth.
Your natural rate of healing is unusually fast.
When hurt, damage is shared between your health and your magic reserves.
Your bite disrupts and absorbs the magic of your enemies.
Potions cannot restore your health.
You are immune to rotting.


Message History

You strike the helpless orc warrior from behind!
You hit the orc warrior.
The orc warrior looks as sick as possible!
The orc warrior is severely wounded.
The orc warrior struggles against the net.
You hit the orc warrior but do no damage.
The orc warrior looks as sick as possible!
The orc warrior is almost dead.
You feel sick.
The orc warrior struggles against the net.
The net rips apart, and the orc warrior comes free!
You closely miss the orc warrior.
The orc warrior is almost dead.
You hit the orc warrior but do no damage.
The orc warrior looks as sick as possible!
You bite the orc warrior, but do no damage.
The orc warrior is almost dead.
The orc warrior hits you with a +2 long sword of holy wrath!
* * * LOW MAGIC WARNING * * *
You die...

#####...#.#####.#......
#.......#.#####.##.##..
#.###...#.#(....(..#...
#.# #...#.#.###.#..##..
#.# ###.....# #.#..)[..
#.###.....#####.#.#####
#...(...........#..#
#####o...#########.####
#)@................
#....#######.#.####
#..................
#....#######.###...
###### #.# #... #.#
#... #.# #### #.# #.#


You could see an orc warrior (extremely poisoned).

Vanquished Creatures
  An adder (D:2)
  7 gnolls
  An ooze (D:1)
  A leopard gecko (D:1)
  An orc (D:3)
  4 bats
  A giant cockroach (D:1)
  4 goblins
  3 hobgoblins
  8 jackals (D:1)
  4 frilled lizards
  4 kobolds
  2 rats (D:2)
41 creatures vanquished.

Notes
Turn   | Place    | Note
-------+----------+-------------------------------------------
     0 | D:1      | lunkers the Vine Stalker Gladiator began the quest for the
                  | Orb.
     0 | D:1      | Reached XP level 1. HP: 11/11 MP: 2/2
   281 | D:1      | Reached skill level 3 in Short Blades
   296 | D:1      | Reached XP level 2. HP: 15/15 MP: 3/3
   602 | D:1      | Reached XP level 3. HP: 13/18 MP: 2/4
   767 | D:1      | You fall into a shaft and drop 1 floor!
   860 | D:2      | Gained mutation: Your natural rate of healing is unusually
                  | fast. [Vine Stalker growth]
   860 | D:2      | Reached XP level 4. HP: 8/23 MP: 2/5
   900 | D:2      | Reached skill level 4 in Short Blades
  1252 | D:2      | Found a sparkling altar of Nemelex Xobeh.
  1630 | D:3      | Noticed an orc warrior
  1648 | D:2      | HP: 1/23 [poisoned by an orc]
  1731 | D:3      | Found a glowing silver altar of Zin.
  1830 | D:3      | Reached XP level 5. HP: 19/28 MP: 4/6
  1880 | D:2      | Slain by an orc warrior

Illustrated notes

Levels and vault maps discovered:
D:1:      nzn_arrival_water_spiral, layout_loops_ring, grunt_decor_clamped
D:2:      layout_basic, nemelex_xobeh_ov_fountains_minmay
D:3:      layout_loops_ring, zin_academy, chequers_ecumenical_altar_simple,
          chequers_serial_rivers_small_b, uniq_natasha

Skill      XL: |  1  2  3  4  5 |
---------------+----------------+-----
Fighting       | 2 3 |  3.0
Short Blades   | 3 4 |  4.4
Throwing       | |  1.7
Dodging        | |  2.4

Action                   |  1- 3 |  4- 6 || total
-------------------------+-------+-------++-------
Melee: Rapier            |    84 |    49 ||   133
       Bite              |    22 |    18 ||    40
       Dagger            |       |    11 ||    11
Throw: Throwing net      |       |     2 ||     2
 Stab: Held in net/web   |       |     1 ||     1
Armor: Leather armour    |    28 |    15 ||    43
Dodge: Dodged            |    75 |    37 ||   112

Table legend: (Time is in decaauts)
 A = Elapsed time spent in this place.
 B = Non-inter-level travel time spent in this place.
 C = Inter-level travel time spent in this place.
 D = Time resting spent in this place.
 E = Time spent auto-exploring this place.
 F = Levels seen in this place.
 G = Mean time per level.
                   A        B        C        D        E       F      G
               +--------+--------+--------+--------+--------+-----+--------+
         Total |   1887 |   1825 |     62 |     59 |   1374 |   3 |  629.0 |
       Dungeon |   1887 |   1825 |     62 |     59 |   1374 |   3 |  629.0 |
               +--------+--------+--------+--------+--------+-----+--------+

Top non-repeatable levels by time:
     D:2: 965 daAuts
     D:1: 774 daAuts
     D:3: 148 daAuts
